AoeStats
← ruben.neumann

Nomad

505843328Analyzed
3v3 RM · 21d ago on Sep 11, 2026· 46m 16s· 6 players
Game mode
Random Map
Map size
210×210
Population
200
Speed
Normal
Resources
Standard
Victory
Conquest
Starting age
Dark Age
Ending age
Imperial Age
RankedLock teamsTeams togetherTeam positionsShared explorationLock speedFull tech treeHidden civsTurbo modeCheats
Victory
Defeat
🇩🇪 Franks · Germany
982
+7
🇫🇷 Teutons · France
881
+10
🇩🇪 Italians · Germany
837
+11
🇫🇷 Japanese · France
834
-12
🇬🇧 Khmer · United Kingdom
727
-9
🇬🇧 Turks · United Kingdom
656
-7
vincent.barre29
4:15 Loom
15:42 Feudal Age
16:22 Horse Collar
22:40 Double-Bit Axe
26:58 Castle Age
25:15 Forging
25:06 Scale Mail Armor
25:13 Fletching
25:33 Gold Mining
26:44 Stone Mining
27:17 Bloodlines
27:57 Bow Saw
27:57 Heavy Plow
28:01 Pikeman
35:36 Wheelbarrow
34:47 Town Watch
35:09 Squires
40:40 Imperial Age
38:34 Ballistics
38:28 Masonry
38:53 Hand Cart
38:42 Bodkin Arrow
39:23 Iron Casting
39:03 Chain Mail Armor
39:12 Scale Barding Armor
41:05 Cavalier
41:09 Elite Teutonic Knight
41:46 Halberdier
47:24 Blast Furnace
47:41 Chemistry
ruben.neumann
16:28 Feudal Age
22:16 Double-Bit Axe
26:03 Castle Age
27:30 Forging
27:56 Scale Barding Armor
29:02 Iron Casting
28:58 Husbandry
37:33 Town Watch
38:24 Wheelbarrow
vikovski
4:37 Loom
12:56 Feudal Age
14:37 Town Watch
17:09 Double-Bit Axe
20:27 Castle Age
18:45 Fletching
19:20 Fishing Lines
21:17 Crossbowman
25:47 Bow Saw
28:11 Clinker Construction
28:56 Stone Mining
28:58 Horse Collar
29:49 Medium Warships
31:49 Bodkin Arrow
33:25 Murder Holes
37:05 Heavy Plow
42:42 Imperial Age
40:50 Wheelbarrow
41:15 Ballistics
42:45 Treadmill Crane
43:23 Bracer
46:16 Hoardings
Fukuhera Hirotoshi
15:32 Feudal Age
13:49 Loom
17:05 Man-at-Arms
18:34 Horse Collar
18:42 Double-Bit Axe
21:43 Bloodlines
24:56 Scale Mail Armor
25:07 Forging
26:56 Wheelbarrow
29:37 Fishing Lines
32:47 Castle Age
34:11 Chain Mail Armor
34:32 Iron Casting
34:39 Heavy Plow
36:54 Squires
36:56 Long Swordsman
41:14 Hand Cart
SHADOWFUX
17:24 Feudal Age
15:44 Loom
18:30 Arson
18:13 Man-at-Arms
19:01 Double-Bit Axe
19:06 Fishing Lines
21:06 Scale Mail Armor
21:48 Forging
25:29 Wheelbarrow
24:40 Town Watch
25:42 Horse Collar
26:49 Gold Mining
26:58 Stone Mining
30:55 Castle Age
31:45 Squires
31:31 Gambesons
31:08 Pikeman
DonJonSilver
16:39 Feudal Age
14:56 Loom
17:24 Fishing Lines
19:37 Double-Bit Axe
27:06 Castle Age
26:16 Forging
27:51 Wheelbarrow
29:13 Fletching
33:17 Scale Barding Armor
33:48 Iron Casting
37:53 Elite Skirmisher
38:39 Padded Archer Armor
42:24 Ballistics
42:00 Murder Holes
Connection lost

Rejoining the realm…

Still unreachable

The connection could not be restored.

Session expired

The server has moved on; the page needs a fresh start.